 Dungeon Crawl Stone Soup version 0.23-a0-171-g5ae17c6 (webtiles) character file.

16 iamserjio the Magician (level 2, -1/16 HPs)
             Began as a Deep Elf Wanderer on Sept 13, 2018.
             Slain by a leopard gecko (4 damage)
             ... on level 1 of the Dungeon.
             The game lasted 00:02:27 (615 turns).

iamserjio the Magician (Deep Elf Wanderer)           Turns: 615, Time: 00:02:28

Health: -1/16      AC:  2    Str: 14    XL:     2   Next: 37%
Magic:  10/11      EV: 11    Int: 15    God:
Gold:   98         SH:  0    Dex: 15    Spells: 12/13 levels left

rFire    . . .     SeeInvis .   d - +0 dagger
rCold    . . .     Gourm    .   (no shield)
rNeg     . . .     Faith    .   c - +0 robe
rPois    .         Spirit   .   (no helmet)
rElec    .         Reflect  .   (no cloak)
rCorr    .         Harm     .   (no gloves)
MR       .....                  (no boots)
Stlth    ++........             (no amulet)
HPRegen  0.05/turn              (no ring)
MPRegen  0.12/turn              (no ring)

@: mighty, very slightly contaminated
A: no striking features
a: no special abilities


You were on level 1 of the Dungeon.
You were not hungry.

You visited 1 branch of the dungeon, and saw 1 of its levels.

You collected 98 gold pieces.

Inventory:

Hand Weapons
 d - a +0 dagger (weapon)
 k - a +0 vampiric dagger
Missiles
 b - 29 arrows
 g - a throwing net (quivered) {!f}
 h - 47 stones
Armour
 c - a +0 robe (worn)
Scrolls
 e - a scroll of teleportation {unknown}
 i - a scroll of enchant weapon {unknown}
Potions
 j - a potion of might
Comestibles
 f - 4 rations


   Skills:
 + Level 0.6 Fighting
 - Level 1.2 Stealth
 - Level 6.0 Spellcasting
 + Level 1.0 Conjurations
   Level 4.4 Charms
 + Level 1.1 Fire Magic
   Level 1.1 Ice Magic
   Level 1.1 Evocations


You had 12 spell levels left.
You knew the following spells:

 Your Spells              Type           Power        Failure   Level  Hunger
a - Flame Tongue          Conj/Fire      #....        10%         1    None

Your spell library contained the following spells:

 Spells                   Type           Power        Failure   Level  Hunger
 Magic Dart               Conj           #...         10%         1    None
 Blink                    Tloc           N/A          22%         2    #......
 Call Imp                 Summ           #.......     22%         2    #......
 Slow                     Hex            #.......     22%         2    #......
 Conjure Flame            Conj/Fire      #.......     28%         3    ##.....
 Mephitic Cloud           Conj/Pois/Air  #.......     36%         3    ##.....


Dungeon Overview and Level Annotations

Branches:
Dungeon (1/15)

Altars:


Message History

Aim: a leopard gecko (clinging)
The flame tongue misses the leopard gecko.
The leopard gecko bites you.
A jackal comes into view.
The leopard gecko bites you.
* * * LOW HITPOINT WARNING * * *
It was a potion of might.
You feel very mighty all of a sudden. The leopard gecko misses you.
It was a potion of magic.
Magic courses through your body.
The jackal barks!
The leopard gecko bites you.
* * * LOW HITPOINT WARNING * * *
Casting: Flame Tongue (safe; 10% risk of failure)
Aiming: Flame Tongue (safe; 10% risk of failure)
Aim: a leopard gecko (clinging)
The flame tongue misses the leopard gecko.
The flame tongue hits the jackal.
The jackal appears unharmed.
The leopard gecko bites you.
You die...

###### #...# #.....# #...#
##....... #>..# #........
#...# #........ #...##
#...!....
##....####........
##.......##....[...
##........@lh.......
#######..####...##.h......
........## #....##........
##########......##..h.....
# #.##...##........ ##.
#....#........ ##.
####.......... #
##..##########...... #
#..#........#


You could see a leopard gecko and 3 jackals.

Vanquished Creatures
  A giant cockroach (D:1)
  3 goblins (D:1)
  3 hobgoblins (D:1)
  A kobold (D:1)
  2 bats (D:1)
  2 frilled lizards (D:1)
  2 rats (D:1)
14 creatures vanquished.

Notes
Turn   | Place    | Note
-------+----------+-------------------------------------------
     0 | D:1      | iamserjio the Deep Elf Wanderer began the quest for the
                  | Orb.
     0 | D:1      | iamserjio set off with: a +0 robe, a +0 dagger, a ration
     0 | D:1      | Reached XP level 1. HP: 10/10 MP: 9/9
     2 | D:1      | Learned a level 1 spell: Flame Tongue
   192 | D:1      | Reached skill level 6 in Spellcasting
   192 | D:1      | Reached XP level 2. HP: 9/16 MP: 0/11
   503 | D:1      | Reached skill level 1 in Conjurations
   503 | D:1      | Reached skill level 1 in Fire Magic
   615 | D:1      | Slain by a leopard gecko

Vault maps used:
D:1:      dpeg_arrival_more_subterranean_lakeside_camping,
          hangedman_decor_diamond_cutter, minmay_octomino_j4

Skill      XL: |  1  2 |
---------------+-------+-----
Spellcasting   | 6 |  6.0
Conjurations   | 1 |  1.0
Fire Magic     | 1 |  1.1
Fighting       | |  0.6
Stealth        | |  1.2
Charms         | |  4.4
Ice Magic      | |  1.1
Evocations     | |  1.1

Action                   || total
-------------------------++-------
Melee: Dagger            ||     9
 Cast: Flame Tongue      ||    24
  Use: Potion            ||     2
Armor: Robe              ||    10
Dodge: Dodged            ||    22

Table legend:
 A = Non-vault XP
 B = Vault XP
 C = Vault XP percentage of total XP
 D = Non-vault monster count
 E = Vault monster count
 F = Vault count percentage of total count
                 A         B        C        D         E       F
            +---------+---------+-------+---------+---------+-------
      Total |      23 |       0 |   0.0 |      14 |       0 |   0.0
            +---------+---------+-------+---------+---------+-------
        D:1 |      23 |       0 |   0.0 |      14 |       0 |   0.0
            +---------+---------+-------+---------+---------+-------
